 Dungeon Crawl Stone Soup version 0.30.1-11-g7821555f0a (webtiles) character file.

Game seed: 18067469191520378197

213 caec the Insei (level 5, -4/40 HPs)
             Began as a Draconian Transmuter on Dec 18, 2023.
             Slain by Blork the orc
             ... wielding a +0 trident
              (7 damage)
             ... on level 4 of the Dungeon.
             The game lasted 00:08:09 (2848 turns).

caec the Insei (Draconian Transmuter)               Turns: 2848, Time: 00:08:10

Health: -4/40      AC:  5    Str: 12    XL:     5   Next: 59%
Magic:  7/9        EV: 12    Int: 14    God:
Gold:   157        SH:  0    Dex: 13    Spells: 6/9 levels left

rFire   . .          .
                       - Unarmed
rCold   . . .        (no shield)
rNeg    . . .        (body armour unavailable)
rPois   .            (helmet restricted)
rElec   .            (no cloak)
rCorr   .            (no gloves)
SInv    .            (no boots)
Will    .....        (no amulet)
Stlth   ++           (no ring)
HPRegen 0.26/turn    (no ring)
MPRegen 0.11/turn

%: no passive effects
@: mighty, wereblooded (expiring)
A: AC +5, unfitting armour, cold-blooded
a: no special abilities


You were on level 4 of the Dungeon.
You visited 1 branch of the dungeon, and saw 4 of its levels.

You collected 157 gold pieces.

Inventory:

Missiles
 c - 6 poisoned darts (quivered)
 o - 2 boomerangs
Jewellery
 b - an amulet of faith
 e - a ring of see invisible
Scrolls
 a - a scroll of acquirement {unknown}
 d - a scroll of immolation
 f - a scroll of butterflies {unknown}
 h - a scroll of teleportation
 i - a scroll of fog {unknown}
 j - a scroll of enchant armour {unknown}
Potions
 g - a potion of ambrosia {unknown}
 l - 2 potions of curing
 m - a potion of heal wounds
 n - a potion of cancellation {unknown}


   Skills:
 + Level 1.4 Fighting
 + Level 1.2 Throwing
 + Level 2.6 Dodging
 + Level 2.2 Stealth
 + Level 3.9 Unarmed Combat
 + Level 2.6 Spellcasting
 + Level 3.0 Transmutations


You had 6 spell levels left.
You knew the following spells:

 Your Spells              Type           Power      Damage    Failure   Level
a - Beastly Appendage     Tmut           20%        N/A       6%          1
b - Wereblood             Tmut           10%        N/A       10%         2

Your spell library contained the following spells:

 Spells                   Type           Power      Damage    Failure   Level
 Shock                    Conj/Air       4%         1d3       22%         1
 Spider Form              Tmut/Pois      6%         N/A       34%         3
 Swiftness                Air            1%         N/A       54%         3
 Ice Form                 Ice/Tmut       6%         N/A       75%         4
 Airstrike                Air            0%         2d(1-17)  91%         4


Dungeon Overview and Level Annotations

Branches:
Dungeon (4/15)
 Temple: D:4-7

Altars:
Gozag
Kikubaaqudgha
Trog
Uskayaw
The Shining One

Annotations:
D:4 Blork the orc


Innate Abilities, Weirdness & Mutations

Your plain brown scales are hard. (AC +5)
You cannot fit into any form of body armour.
You are cold-blooded and may be slowed by cold attacks.


Message History

You hit the kobold but do no damage. You claw the kobold, but do no damage.
The kobold hits you with a +0 club.
Your transformation is almost over.
Blork the orc misses you.
You aren't carrying any items that you can evoke.
The kobold throws a stone.
The stone hits you but does no damage. Blork the orc closely misses you.
The kobold throws a stone.
The stone closely misses you.
The kobold throws a stone.
The stone misses you.
Blork the orc hits you from afar with a +0 trident.
There is an open door here.
Blork the orc closely misses you.
Blork the orc hits you from afar with a +0 trident.
You feel very mighty all of a sudden.
Blork the orc hits you from afar with a +0 trident.
Your horns disappear.
Your talons disappear.
Blork the orc points at you and mumbles some strange words.
The puff of flame hits you.
Blork the orc begins to cast a cantrip, but forgets the words!
You hit Blork the orc.
Your tail-slap misses Blork the orc.
Blork the orc is lightly wounded.
The kobold barely misses you. Blork the orc casts a spell at you.
The puff of frost hits you!
You hit Blork the orc.
Blork the orc is moderately wounded.
Blork the orc misses you. The kobold hits you but does no damage.
Blork the orc hits you with a +0 trident!
You punch Blork the orc!
Blork the orc is heavily wounded.
The kobold completely misses you. Blork the orc barely misses you.
You punch Blork the orc! You tail-slap Blork the orc.
Blork the orc is almost dead.
Your primal bloodlust is almost over.
Blork the orc hits you with a +0 trident!
* * * LOW HITPOINT WARNING * * *
The kobold hits you with a +0 club.
* * * LOW HITPOINT WARNING * * *
Blork the orc hits you with a +0 trident!
You die...

.........# .........#
#....... ....<....# #......#
.........##+#......+
.........#..#......#
.........#..#......######+###
.........'..#......#..##....#
.........#..#......#........#
)..###+####'#...@o.'........+
### #........K.#........#
#....#######..##....# #....#
#..##....# #....#
.....#....... #....#
......#........ #....#
..#############.. ..#### # #
...


You could see Blork the orc (fast) and a kobold.

Vanquished Creatures
  Pargi (D:3)
  An orc wizard (D:3)
  3 adders
  3 dart slugs
  7 orcs (D:3)
  4 ball pythons
  4 endoplasms
  3 giant cockroaches
  5 goblins
  4 hobgoblins
  2 quokkas
  4 bats
  3 frilled lizards
  3 kobolds
  3 rats (D:1)
50 creatures vanquished.

Notes
Turn   | Place    | Note
-------+----------+-------------------------------------------
     0 | D:1      | caec the Draconian Transmuter began the quest for the Orb.
     0 | D:1      | Reached XP level 1. HP: 16/16 MP: 3/3
   296 | D:1      | Reached XP level 2. HP: 23/23 MP: 3/5
   299 | D:1      | Learned a level 2 spell: Wereblood
  1089 | D:2      | Reached skill level 1 in Stealth
  1089 | D:2      | Reached XP level 3. HP: 28/28 MP: 2/6
  1633 | D:3      | Found a bloodstained altar of Trog.
  1639 | D:3      | Found a hide-covered altar of Uskayaw.
  1649 | D:3      | Found an ancient bone altar of Kikubaaqudgha.
  1814 | D:3      | Reached XP level 4. HP: 23/35 MP: 7/7
  2022 | D:3      | Found a glowing golden altar of the Shining One.
  2052 | D:3      | Noticed Pargi
  2298 | D:3      | Killed Pargi
  2299 | D:3      | Reached skill level 1 in Throwing
  2299 | D:3      | Reached XP level 5. HP: 40/40 MP: 8/8
  2475 | D:3      | Found an opulent altar of Gozag.
  2495 | D:3      | Identified the +4 falchion "Syabi Woirph" {venom, rC- rCorr
                  | Str+3 Dex+5}
  2828 | D:4      | Noticed Blork the orc
  2848 | D:4      | Slain by Blork the orc

Illustrated notes

Levels and vault maps discovered:
D:1:      onia_arrival_handbag, layout_loops_corners
D:2:      layout_basic, serial_bayou_pond_d
D:3:      layout_loops_cross, minitemple, mainiacjoe_overflow_cross_hatched,
          mainiacjoe_overflow_tiny_flanked, uniq_pargi
D:4:      layout_gridville, nicolae_goblin_pals, uniq_blork_the_orc

Skill      XL: |  1  2  3  4  5 |
---------------+----------------+-----
Dodging        | 2 |  2.6
Stealth        | 1 2 |  2.2
Throwing       | 1 |  1.2
Transmutations | 3 |  3.0
Fighting       | |  1.4
Unarmed Combat | |  3.9
Spellcasting   | |  2.6

Action                     |  1- 3 |  4- 6 || total
---------------------------+-------+-------++-------
  Melee: Unarmed           |    89 |    58 ||   147
         Kick              |    16 |     7 ||    23
         Tailslap          |     8 |     8 ||    16
         Headbutt          |    13 |     7 ||    20
         Punch             |     1 |       ||     1
  Throw: Dart              |     7 |    13 ||    20
         Boomerang         |       |     5 ||     5
   Cast: Beastly Appendage |    26 |    10 ||    36
         Wereblood         |     5 |     3 ||     8
    Use: Scroll            |     2 |     3 ||     5
         Potion            |       |     3 ||     3
   Stab: Sleeping          |       |     1 ||     1
 Armour: Skin              |    21 |    46 ||    67
  Dodge: Dodged            |    64 |    41 ||   105
